AoeStats
← andresffelipe20

Arabia

509451589Analyzed
2v2 RM · 5d ago on Sep 26, 2026· 56m 32s· 4 players
Game mode
Random Map
Map size
Medium (4 player)
Population
200
Speed
Normal
Resources
Standard
Victory
Conquest
Starting age
Dark Age
Ending age
Imperial Age
RankedLock teamsTeams togetherTeam positionsShared explorationLock speedFull tech treeHidden civsTurbo modeCheats
Victory
Defeat
🇨🇴 Dravidians · Colombia
1079
+15
🇮🇹 Bulgarians · Italy
1052
+17
🇫🇷 Maya · France
1084
-17
🇫🇷 Varangians · France
1049
-15
Slash13
6:47 Loom
9:26 Feudal Age
10:07 Double-Bit Axe
10:08 Horse Collar
14:12 Arson
22:08 Castle Age
22:08 Bloodlines
24:28 Forging
24:33 Husbandry
29:05 Wheelbarrow
29:56 Pikeman
30:38 Scale Mail Armor
32:12 Town Watch
35:05 Hand Cart
40:40 Heavy Plow
43:36 Imperial Age
41:20 Scale Barding Armor
42:45 Iron Casting
43:44 Town Patrol
43:36 Gold Mining
43:39 Stone Mining
44:36 Chain Barding Armor
45:20 Blast Furnace
45:12 Elite Konnik
46:24 Chain Barding Armor
49:23 Plate Barding Armor
51:40 Gold Shaft Mining
51:42 Stone Shaft Mining
52:34 Bow Saw
52:56 Crop Rotation
52:44 Chain Mail Armor
andresffelipe20
2:47 Loom
12:11 Feudal Age
12:34 Horse Collar
12:40 Double-Bit Axe
16:39 Wheelbarrow
22:24 Castle Age
20:56 Fletching
21:08 Padded Archer Armor
21:10 Stone Mining
23:48 Forging
29:03 Husbandry
54:22 Imperial Age
56:34 Iron Casting
56:07 Scale Barding Armor
JBossBien
0:25 Loom
11:06 Feudal Age
12:33 Double-Bit Axe
15:57 Fletching
20:30 Padded Archer Armor
27:03 Castle Age
27:13 Crossbowman
28:04 Bodkin Arrow
29:15 Leather Archer Armor
29:08 Pikeman
31:23 Scale Mail Armor
32:58 Chain Mail Armor
35:51 Ballistics
37:19 Stone Mining
39:44 Bow Saw
47:06 Masonry
51:40 Horse Collar
55:56 Forging
SaVaGe
7:08 Loom
9:38 Feudal Age
11:30 Double-Bit Axe
14:34 Bloodlines
19:42 Scale Barding Armor
19:49 Forging
25:27 Castle Age
24:12 Gold Mining
25:34 Horse Collar
26:35 Husbandry
26:58 Chain Barding Armor
27:36 Bow Saw
32:05 Scale Mail Armor
32:24 Squires
35:50 Iron Casting
35:30 Chain Mail Armor
37:16 Wheelbarrow
36:27 Town Watch
38:43 Stone Mining
44:01 Arson
51:38 Heavy Plow
55:36 Hand Cart
58:02 Imperial Age
Connection lost

Rejoining the realm…

Still unreachable

The connection could not be restored.

Session expired

The server has moved on; the page needs a fresh start.